AoeStats
← iAlejandrouae

Nomad

508383247Analyzed
4v4 RM · 10d ago on Sep 22, 2026· 26m 47s· 8 players
Game mode
Random Map
Map size
231×231
Population
200
Speed
Normal
Resources
Standard
Victory
Conquest
Starting age
Dark Age
Ending age
Imperial Age
RankedLock teamsTeams togetherTeam positionsShared explorationLock speedFull tech treeHidden civsTurbo modeCheats
Victory
Defeat
1658
+13
🇨🇳 Burgundians · China
1603
+16
🇻🇳 Magyars · Vietnam
1602
+16
🇭🇰 Dravidians · Hong Kong SAR China
1569
+17
🇨🇿 Romans · Czechia
1642
-18
🇦🇷 Celts · Argentina
1614
-16
🇦🇷 Wei · Argentina
1581
-15
1537
-13
VIVIAN
10:13 Double-Bit Axe
11:23 Loom
13:13 Feudal Age
14:51 Wheelbarrow
14:27 Bow Saw
18:09 Castle Age
16:22 Stone Mining
19:18 Hand Cart
20:44 Medium Warships
22:32 Two-Man Saw
23:35 Scale Barding Armor
23:16 Horse Collar
Sean
6:48 Loom
16:23 Feudal Age
17:46 Town Watch
20:57 Castle Age
20:41 Double-Bit Axe
22:36 Bow Saw
26:10 Horse Collar
trói em vào cột điện
11:30 Feudal Age
11:56 Double-Bit Axe
14:27 Loom
18:40 Castle Age
16:42 Fishing Lines
19:00 Forging
18:43 Gold Mining
18:37 Horse Collar
20:22 Medium Warships
20:25 Bow Saw
21:00 Bow Saw
22:06 Fletching
25:16 Sanctity
27:00 Bodkin Arrow
Đà Lạt
5:16 Loom
22:32 Feudal Age
23:42 Double-Bit Axe
[W] BattleDenk
7:42 Loom
13:58 Feudal Age
15:30 Town Watch
21:58 Fletching
Kontraman666
10:13 Loom
13:37 Feudal Age
17:07 Castle Age
15:27 Double-Bit Axe
19:10 Bow Saw
20:47 Wheelbarrow
20:48 Scale Barding Armor
21:46 Horse Collar
25:28 Heavy Plow
iAlejandrouae
4:31 Loom
18:54 Feudal Age
22:26 Castle Age
24:22 Wheelbarrow
43 Đoàn Quốc Hưng
11:01 Loom
13:11 Feudal Age
21:29 Castle Age
Connection lost

Rejoining the realm…

Still unreachable

The connection could not be restored.

Session expired

The server has moved on; the page needs a fresh start.